 Dungeon Crawl Stone Soup version 0.31-a0-983-g7b6862f502 (webtiles) character file.

Game seed: 9863499267054869408

1621 gruber the Slasher (level 8, -2/45 HPs)
             Began as a Vine Stalker Fighter on Nov 2, 2023.
             Engulfed by a cloud of steam (4 damage)
             ... on level 6 of the Dungeon.
             The game lasted 00:03:41 (3653 turns).

gruber the Slasher (Vine Stalker Fighter)           Turns: 3653, Time: 00:03:41

Health: -2/45      AC: 10    Str: 18    XL:     8   Next: 96%
Magic:  0/9        EV: 10    Int:  8    God:
Gold:   252        SH:  5    Dex: 17    Spells: 7/7 levels left

rFire   . . .        a - +0 long sword
rCold   . . .        c - +0 buckler
rNeg    . . .        b - +0 scale mail
rPois   .            o - +0 helmet
rElec   .            (no cloak)
rCorr   .            (no gloves)
SInv    .            p - +1 pair of boots
Will    +....        g - amulet of magic regeneration Stlth
                     (no ring)
HPRegen 1.07/turn    (no ring)
MPRegen 0.51/turn

%: guardian spirit
@: mighty
A: fangs 3, regeneration 1, magic shield, antimagic bite, no potion heal 2
a: no special abilities


You were on level 6 of the Dungeon.
You visited 1 branch of the dungeon, and saw 6 of its levels.
You also visited: Sewer.

You collected 252 gold pieces.

Inventory:

Hand Weapons
 a - a +0 long sword (weapon)
Armour
 b - a +0 scale mail (worn)
 c - a +0 buckler (worn)
 o - a +0 helmet (worn)
 p - a +1 pair of boots (worn)
Jewellery
 g - an amulet of magic regeneration (around neck)
Scrolls
 f - 2 scrolls of identify {unknown}
 j - 2 scrolls of fear {unknown}
 k - 4 scrolls of teleportation {unknown}
 l - a scroll of brand weapon {unknown}
 m - a scroll of poison {unknown}
 s - a scroll of amnesia {unknown}
 v - a scroll of enchant weapon {unknown}
 y - a scroll of noise {unknown}
 z - a scroll of silence {unknown}
Potions
 e - 2 potions of mutation {unknown}
 h - 2 potions of heal wounds {unknown}
 i - 2 potions of invisibility {unknown}
 n - a potion of degeneration {unknown}
 q - 3 potions of brilliance {unknown}
 r - 2 potions of magic {unknown}
 t - a potion of enlightenment {unknown}
 u - 2 potions of attraction {unknown}
 w - 2 potions of ambrosia {unknown}
 x - 2 potions of curing {unknown}


   Skills:
 * Level 6.3 Fighting
 - Level 7.1 Long Blades
 - Level 3.4 Armour
 - Level 3.0 Dodging
 - Level 2.6 Shields


You had 7 spell levels left.
You didn't know any spells.
Your spell library contained the following spells:

 Spells                   Type           Power      Damage    Failure   Level
 Sandblast                Erth           0%         2d4       86%         1
 Slow                     Hex            0%         N/A       86%         1
 Passwall                 Tmut/Erth      0%         N/A       95%         2
 Confusing Touch          Hex            0%         N/A       99%         3
 Sigil of Binding         Hex            0%         N/A       99%         3
 Stone Arrow              Conj/Erth      0%         3d7       99%         3
 Vampiric Draining        Necr           0%         2d6       99%         3
 Volatile Blastmotes      Fire/Tloc      0%         2d10      99%         3
 Brom's Barrelling Bould  Conj/Erth      0%         2d3       100%        4
 Fulminant Prism          Conj/Hex       0%         3d5       100%        4
 Iskenderun's Mystic Bla  Conj/Tloc      0%         2d3       100%        4


Dungeon Overview and Level Annotations

Branches:
Dungeon (6/15)              Sewer (visited)
 Temple: D:4-7

Altars:
Elyvilon
Fedhas
Gozag
Kikubaaqudgha
Sif Muna
Trog
Zin


Innate Abilities, Weirdness & Mutations

You have razor-sharp teeth.
Your natural rate of healing is unusually fast.
When hurt, damage is shared between your health and your magic reserves.
Your bite disrupts and absorbs the magic of your enemies.
Potions cannot restore your health.


Message History

The orc warrior is severely wounded.
The orc warrior hits you with a +0 long sword!
* * * LOW HITPOINT WARNING * * *
You closely miss the orc warrior. Your bite misses the orc warrior.
The orc warrior is severely wounded.
An ogre comes into view. It is wielding a +0 giant club.
The orc warrior hits you but does no damage.
The ogre shouts!
You hit the orc warrior.
The orc warrior is almost dead.
The orc warrior hits you with a +0 long sword!
* * * LOW HITPOINT WARNING * * *
You block the orc warrior's attack.
You barely miss the orc warrior.
The orc warrior is almost dead.
You block the orc warrior's attack.
You slash the orc warrior!
You kill the orc warrior!
You slash the steam dragon! You bite the steam dragon. You drain its power.
You feel invigorated.
The steam dragon is heavily wounded.
The steam dragon misses you.
The steam dragon claws you but does no damage.
You slash the steam dragon! Your bite misses the steam dragon.
The steam dragon is almost dead.
The steam dragon closely misses you. You block the steam dragon's attack.
You barely miss the steam dragon.
The steam dragon is almost dead.
The steam dragon bites you but does no damage.
You block the steam dragon's attack.
You barely miss the steam dragon.
The steam dragon is almost dead.
The steam dragon breathes steam at you. The ball of steam hits you!
* * * LOW HITPOINT WARNING * * *
You hear a shout!
You slice the steam dragon!!
You kill the steam dragon!
You are engulfed in a cloud of scalding steam.
You die...

#####.# #)).o.#
#@# #)# #<#
..5K5..........
#......###.....
.#.#h.. ....
.5..... ..#
....#. ..
....... .


You could see an orc.

Vanquished Creatures
  Pikel (D:6)
  A steam dragon (D:6)
  A water moccasin (D:5)
  An orc warrior (D:6)
  2 black bears
  A centaur (D:5)
  A lemure (D:6)
  A phantom (D:5)
  A hound (D:5)
  2 orc priests (D:3)
  2 jellies (D:5)
  A sleepcap (D:4)
  4 orc wizards
  A hell rat (Sewer)
  7 gnolls
  A river rat (Sewer)
  11 adders
  A white imp (D:5)
  A worm (D:4)
  5 dart slugs
  14 orcs
  6 bats
  8 endoplasms
  3 giant cockroaches
  7 goblins
  10 hobgoblins
  8 jackals
  7 ball pythons
  4 frilled lizards
  8 kobolds
  8 rats
129 creatures vanquished.

Vanquished Creatures (others)
  An arcanist (D:3)
1 creature vanquished.

Grand Total: 130 creatures vanquished

Notes
Turn   | Place    | Note
-------+----------+-------------------------------------------
     0 | D:1      | gruber the Vine Stalker Fighter began the quest for the
                  | Orb.
     0 | D:1      | Reached XP level 1. HP: 11/11 MP: 2/2
    60 | D:1      | Reached skill level 2 in Long Blades
    84 | D:1      | Reached XP level 2. HP: 15/16 MP: 3/3
   175 | D:1      | Found a faded altar of an unknown god.
   419 | D:1      | Reached skill level 3 in Long Blades
   424 | D:1      | Reached XP level 3. HP: 19/19 MP: 4/4
  1366 | D:3      | Reached XP level 4. HP: 23/23 MP: 5/5
  1370 | D:3      | Reached skill level 4 in Long Blades
  1447 | D:3      | Reached XP level 5. HP: 27/27 MP: 6/6
  1608 | D:2      | Reached skill level 5 in Long Blades
  1673 | D:3      | Found an opulent altar of Gozag.
  2158 | D:3      | Found a bloodstained altar of Trog.
  2160 | D:3      | Noticed an arcanist
  2165 | D:3      | Killed an arcanist
  2222 | D:4      | Found a white marble altar of Elyvilon.
  2308 | D:4      | Reached XP level 6. HP: 32/32 MP: 7/7
  2367 | D:4      | Found a shimmering blue altar of Sif Muna.
  2403 | D:4      | Found a glowing drain.
  2427 | Sewer    | Entered a sewer
  2468 | Sewer    | Reached skill level 6 in Long Blades
  2793 | D:4      | Found an ancient bone altar of Kikubaaqudgha.
  2793 | D:4      | Found a blossoming altar of Fedhas.
  2873 | D:4      | Found a glowing silver altar of Zin.
  3104 | D:5      | Entered Level 5 of the Dungeon
  3153 | D:5      | Reached XP level 7. HP: 35/35 MP: 8/8
  3181 | D:5      | Reached skill level 7 in Long Blades
  3190 | D:5      | Reached skill level 1 in Dodging
  3517 | D:5      | Gained mutation: You have razor-sharp teeth. [Vine Stalker
                  | growth]
  3517 | D:5      | Reached XP level 8. HP: 32/39 MP: 9/9
  3623 | D:6      | Noticed Pikel
  3637 | D:6      | Killed Pikel
  3638 | D:6      | Reached skill level 5 in Fighting
  3652 | D:6      | HP: 2/45 [steam dragon/ball of steam (7)]
  3653 | D:6      | Engulfed by a cloud of steam

Illustrated notes

Levels and vault maps discovered:
D:1:      amcnicky_arrival_wind_blow, layout_rooms,
          nicolae_ecumenical_lake_church, minmay_fountain_box
D:2:      layout_loops_ring
D:3:      layout_basic, trog_wizard, overflow_temple_1_default
D:4:      layout_basic, grunt_temple_overflow_growth_and_decay,
          mainiacjoe_overflow_small_starburst,
          mainiacjoe_overflow_concentric_impassable, zin_scriptorium,
          cheibrodos_sewer_entry_sluice, serial_glass, glass_columns_a,
          glass_columns_a, glass_columns_b, glass_columns_a, glass_columns_a,
          glass_columns_c, glass_columns_a, glass_columns_a, glass_columns_a,
          glass_columns_b, glass_columns_b, glass_columns_b, glass_columns_a,
          glass_columns_a, minmay_misc_feat_four_crosses, nicolae_the_louvre
D:5:      layout_rooms, hex_intersection
D:6:      layout_rooms, mainiacjoe_overflow_paths,
          minmay_temple_entry_offerings, biasface_ghost_orc_armoury, uniq_pikel,
          uniq_sigmund

Skill      XL: |  1  2  3  4  5  6  7  8 |
---------------+-------------------------+-----
Long Blades    | 2 3 4 5 6 7 |  7.1
Dodging        | 3 |  3.0
Armour         | 3 |  3.4
Fighting       | 6 |  6.3
Shields        | |  2.6

Action                     |  1- 3 |  4- 6 |  7- 9 || total
---------------------------+-------+-------+-------++-------
  Melee: Long sword        |    93 |   213 |   100 ||   406
         Bite              |    21 |    50 |    33 ||   104
    Use: Potion            |       |       |     1 ||     1
 Armour: Scale mail        |    51 |   167 |    90 ||   308
  Dodge: Dodged            |    37 |   109 |    56 ||   202
  Block: Buckler           |    20 |    48 |    26 ||    94

Table legend: (Time is in decaauts)
 A = Elapsed time spent in this place.
 B = Non-inter-level travel time spent in this place.
 C = Inter-level travel time spent in this place.
 D = Time resting spent in this place.
 E = Time spent auto-exploring this place.
 F = Levels seen in this place.
 G = Mean time per level.
                   A        B        C        D        E       F      G
               +--------+--------+--------+--------+--------+-----+--------+
         Total |   3736 |   3583 |    153 |      0 |   2727 |   7 |  533.7 |
       Dungeon |   3645 |   3492 |    153 |      0 |   2685 |   6 |  607.5 |
         Sewer |     91 |     91 |      0 |      0 |     41 |   1 |   91.0 |
               +--------+--------+--------+--------+--------+-----+--------+

Top non-repeatable levels by time:
     D:3: 876 daAuts
     D:4: 820 daAuts
     D:2: 759 daAuts
     D:1: 629 daAuts
     D:5: 528 daAuts
   Sewer: 91 daAuts
     D:6: 31 daAuts
